 Dungeon Crawl Stone Soup version 0.19.5 (webtiles) character file.

149 strmesko the Magician (level 5, -15/28 HPs)
             Began as a Deep Elf Fire Elementalist on Mar 26, 2017.
             Demolished by Sigmund
             ... wielding a +1 scythe of distortion
              (19 damage)
             ... on level 3 of the Dungeon.
             The game lasted 00:25:31 (3006 turns).

strmesko the Magician (Deep Elf Fire Elementalist)  Turns: 3006, Time: 00:25:35

Health: -15/28     AC:  3    Str:  5    XL:     5   Next: 9%
Magic:  3/16       EV: 13    Int: 21    God:
Gold:   69         SH:  0    Dex: 15    Spells: 5 memorised, 2 levels left

rFire  . . .     SeeInvis .     p - +1 dagger (venom)
rCold  . . .     Gourm    .     a - +0 robe
rNeg   . . .     Faith    .     (no shield)
rPois  .         Spirit   .     (no helmet)
rElec  .         Reflect  .     r - +0 cloak
rCorr  .         Harm     .     (no gloves)
MR     .....                    (no boots)
Stlth  ++........               (no amulet)
                                (no ring)
                                (no ring)

@: very slightly contaminated
A: no striking features
a: no special abilities


You were on level 3 of the Dungeon.
You were not hungry.

You visited 1 branch of the dungeon, and saw 3 of its levels.

You collected 69 gold pieces.

Inventory:

Hand Weapons
 l - a +3 short sword
 p - a +1 dagger of venom (weapon)
Armour
 a - a +0 robe (worn)
 r - a +0 cloak (worn)
Wands
 o - a wand of flame (35/48)
Scrolls
 f - 4 scrolls of teleportation {unknown}
 h - a scroll of fear {unknown}
 i - a scroll of fog {unknown}
 j - 2 scrolls of enchant weapon {unknown}
 k - a scroll of magic mapping {unknown}
 m - 2 scrolls of identify {unknown}
 n - 4 scrolls of remove curse {unknown}
 t - a scroll of noise {unknown}
 v - a scroll of enchant armour {unknown}
Potions
 e - a potion of cure mutation {unknown}
 g - 2 potions of curing
 s - 2 potions of ambrosia {unknown}
Books
 b - a book of Flames

   Spells                             Type                      Level
   a - Flame Tongue                   Conjuration/Fire             1
   b - Throw Flame                    Conjuration/Fire             2
   c - Conjure Flame                  Conjuration/Fire             3
   d - Inner Flame                    Hexes/Fire                   3
   e - Sticky Flame                   Conjuration/Fire             4
   f - Fireball                       Conjuration/Fire             5
Comestibles
 c - a bread ration
 d - a slice of pizza
 q - a beef jerky
 u - 4 chunks of flesh


   Skills:
 - Level 0.2 Short Blades
 - Level 2.4 Dodging
 - Level 2.4 Stealth
 + Level 6.7 Spellcasting
 + Level 1.2 Conjurations
 + Level 3.8 Fire Magic


You had 2 spell levels left.
You knew the following spells:

 Your Spells              Type           Power        Failure   Level  Hunger
a - Flame Tongue          Conj/Fire      ###..        3%          1    None
b - Throw Flame           Conj/Fire      ###...       6%          2    None
c - Conjure Flame         Conj/Fire      ###.....     12%         3    #......
d - Sticky Flame          Conj/Fire      ###.....     34%         4    ###....
e - Fireball              Conj/Fire      ###.......   87%         5    #####..


Dungeon Overview and Level Annotations

Branches:
Dungeon (3/15)

Altars:
Elyvilon
Yredelemnul

Annotations:
D:3 Sigmund


Message History

Aiming: Flame Tongue
Press: ? - help, Shift-Dir - straight line, f/p - Sigmund
Aim: Sigmund, wielding a scythe of distortion and wearing a robe (severely wounded)
The flame tongue hits Sigmund.
Sigmund is severely wounded.
Sigmund casts a spell at you. The magic dart hits you!
* * * LOW HITPOINT WARNING * * *
Casting: Flame Tongue
Confirm with . or Enter, or press ? or * to list all spells.
Aiming: Flame Tongue
Press: ? - help, Shift-Dir - straight line, f/p - Sigmund
Aim: Sigmund, wielding a scythe of distortion and wearing a robe (severely wounded)
The flame tongue hits Sigmund.
Sigmund is severely wounded.
Sigmund hits you with a scythe of distortion.
* * * LOW HITPOINT WARNING * * *
Space warps horribly around you!
Ouch! That really hurt!
You die...

#.# #.###.#.#..##
#......# #.... #.#
#...........###.#...##
##### #.#
###.#.[...#.....##.##
#.# #.........######.#
##.#####.#.⌠.⌠.#.# #.#
#.....##.........# #+#
#.....##.#.....#.#
#.....##...._....# #
>.....##.#.....#@# ##
......##........@##.
####.
.........#.⌠.⌠.#..'..@..
+....
....#.##.........##.....
####. #####.##.#.....#.#
.... #. # #.##.........#
... #.
#####.####.#.##### .. #.
......###.#..# #+# #.
########.###.# #.# #.


You could see Sigmund.

Vanquished Creatures
  3 adders
  4 oozes
  3 worms
  5 dart slugs
  6 leopard geckos
  5 bats
  3 giant cockroaches
  10 goblins
  9 hobgoblins
  4 jackals (D:1)
  A quokka (D:2)
  A ball python (D:1)
  13 kobolds
  10 rats
77 creatures vanquished.

Notes
Turn   | Place    | Note
-------+----------+-------------------------------------------
     0 | D:1      | strmesko the Deep Elf Fire Elementalist began the quest for the Orb.
     0 | D:1      | Reached XP level 1. HP: 10/10 MP: 6/6
   222 | D:1      | Reached skill level 4 in Spellcasting
   222 | D:1      | Reached XP level 2. HP: 14/15 MP: 0/9
   485 | D:1      | Learned a level 2 spell: Throw Flame
   610 | D:1      | Reached XP level 3. HP: 18/19 MP: 0/11
   741 | D:1      | Reached skill level 5 in Spellcasting
  1118 | D:1      | Learned a level 3 spell: Conjure Flame
  1552 | D:2      | Reached XP level 4. HP: 24/24 MP: 4/13
  1754 | D:2      | Reached skill level 6 in Spellcasting
  2188 | D:2      | Found a basalt altar of Yredelemnul.
  2417 | D:3      | Learned a level 4 spell: Sticky Flame
  2790 | D:3      | Found a white marble altar of Elyvilon.
  2853 | D:3      | Reached XP level 5. HP: 28/28 MP: 13/16
  2954 | D:3      | Noticed Sigmund
  2962 | D:3      | Learned a level 5 spell: Fireball
  3006 | D:3      | Demolished by Sigmund

Skill      XL: |  1  2  3  4 |
---------------+-------------+-----
Spellcasting   | 4 5 6 |  6.7
Short Blades   | |  0.2
Dodging        | |  2.4
Stealth        | |  2.4
Conjurations   | |  1.2
Fire Magic     | |  3.8

Action                   |  1- 3 |  4- 6 || total
-------------------------+-------+-------++-------
Melee: Dagger            |     3 |       ||     3
       Short sword       |       |     1 ||     1
 Cast: Flame Tongue      |    75 |    60 ||   135
       Throw Flame       |    11 |    23 ||    34
       Conjure Flame     |       |     1 ||     1
       Sticky Flame      |       |     1 ||     1
  Use: Potion            |       |     2 ||     2
  Eat: Chunk             |     1 |     5 ||     6
Armor: Robe              |     5 |     1 ||     6
Dodge: Dodged            |    17 |    14 ||    31
